 Dungeon Crawl Stone Soup version 0.22-a0-419-g492bfec (webtiles) character file.

59 Joshtr2000 the Cutter (level 4, -5/28 HPs)
             Began as a Kobold Fighter on May 16, 2018.
             Killed by divine providence
             ... invoked by an orc priest
              (16 damage)
             ... on level 3 of the Dungeon.
             The game lasted 00:10:02 (1327 turns).

Joshtr2000 the Cutter (Kobold Fighter)              Turns: 1327, Time: 00:10:03

Health: -5/28      AC:  7    Str: 14    XL:     4   Next: 22%
Magic:  4/4        EV:  8    Int:  9    God:
Gold:   89         SH:  9    Dex: 14    Spells: 3/3 levels left

rFire    . . .     SeeInvis +   a - +0 rapier
rCold    . . .     Gourm    .   c - +0 shield
rNeg     . . .     Faith    .   b - +0 scale mail
rPois    .         Spirit   .   (no helmet)
rElec    .         Reflect  .   j - +0 cloak
rCorr    .         Harm     .   (no gloves)
MR       .....                  (no boots)
Stlth    ..........             (no amulet)
HPRegen  0.09/turn              i - ring of see invisible
MPRegen  0.09/turn              (no ring)

@: no status effects
A: small, carnivore
a: no special abilities


You were on level 3 of the Dungeon.
You were completely stuffed.

You visited 1 branch of the dungeon, and saw 3 of its levels.

You collected 89 gold pieces.

Inventory:

Hand Weapons
 a - a +0 rapier (weapon)
 e - a +0 hunting sling
Missiles
 k - a throwing net (quivered)
Armour
 b - a +0 scale mail (worn)
 c - a +0 shield (worn)
 j - a +0 cloak (worn)
Jewellery
 i - a ring of see invisible (left hand)
Scrolls
 n - a scroll of identify
Potions
 d - a potion of might
 g - 2 potions of agility
 h - 2 potions of flight
 m - a potion of mutation {unknown}
 o - a potion of cancellation {unknown}
Comestibles
 f - 4 rations
 l - 2 chunks of flesh


   Skills:
 - Level 3.4 Fighting
 + Level 5.2 Short Blades
 - Level 2.5 Armour
 - Level 2.5 Shields


You had 3 spell levels left.
You didn't know any spells.
Your spell library was empty.

Dungeon Overview and Level Annotations

Branches:
Dungeon (3/15)

Altars:
Xom


Innate Abilities, Weirdness & Mutations

You are small and have problems with some larger weapons.
You are carnivorous and can eat meat at any time.


Message History

Your shield prevents you from hitting the orc priest.
The orc priest hits you with a short sword.
You hit the orc priest.
The orc priest is moderately wounded.
You block the orc priest's attack.
You hit the orc priest.
The orc priest is heavily wounded.
The orc priest hits you but does no damage.
You closely miss the orc priest.
The orc priest is heavily wounded.
The orc priest hits you but does no damage.
Your shield and scale mail prevent you from hitting the orc priest.
The orc priest is heavily wounded.
The orc priest hits you with a short sword.
You completely miss the orc priest.
The orc priest is heavily wounded.
The orc priest mumbles some strange prayers to Beogh against you.
Beogh smites you!
Ouch! That really hurt!
You die...

#.##.#
###..##
#..#.# ##..##
##### #.#.#
##...
.....##...#
#..#
#.....######
#...
##..........#
#.##
#..#######..
#.#
#..#######
..#
#.@o.....#
...#
#.######..
...# #.# ..#.
..# #.## . #.
#.. .. .. #.
.


You could see an orc priest.

Vanquished Creatures
  An adder (D:3)
  An ooze (D:1)
  A dart slug (D:1)
  A leopard gecko (D:3)
  A ball python (D:2)
  6 bats
  5 giant cockroaches
  5 hobgoblins
  2 frilled lizards
  9 kobolds
  10 rats
42 creatures vanquished.

Notes
Turn   | Place    | Note
-------+----------+-------------------------------------------
     0 | D:1      | Joshtr2000 the Kobold Fighter began the quest for the Orb.
     0 | D:1      | Reached XP level 1. HP: 14/14 MP: 1/1
   126 | D:1      | Reached skill level 3 in Short Blades
   126 | D:1      | Reached XP level 2. HP: 17/19 MP: 2/2
   341 | D:1      | Reached XP level 3. HP: 23/23 MP: 3/3
   455 | D:1      | Reached skill level 4 in Short Blades
  1010 | D:2      | Found a hazy altar of Hepliaklqana.
  1012 | D:2      | Found an ancient bone altar of Kikubaaqudgha.
  1012 | D:2      | Found a shimmering altar of Xom.
  1014 | D:2      | Found a glowing golden altar of the Shining One.
  1014 | D:2      | Found a shimmering altar of Xom.
  1014 | D:2      | Found a white marble altar of Elyvilon.
  1238 | D:3      | Reached skill level 5 in Short Blades
  1238 | D:3      | Reached XP level 4. HP: 25/28 MP: 4/4
  1327 | D:3      | Killed from afar by an orc priest

Vault maps used:
D:1:      evilmike_arrival_rings, amethyst_killhole
D:2:      doesnt_xom_only_xom
D:3:      chequers_ecumenical_altar_grove, uniq_ijyb

Skill      XL: |  1  2  3 |
---------------+----------+-----
Short Blades   | 3 5 |  5.2
Fighting       | |  3.4
Armour         | |  2.5
Shields        | |  2.5

Action                   |  1- 3 |  4- 6 || total
-------------------------+-------+-------++-------
Melee: Rapier            |   114 |    26 ||   140
  Use: Scroll            |     4 |       ||     4
  Eat: Chunk             |     8 |     2 ||    10
Armor: Scale mail        |    55 |     7 ||    62
Dodge: Dodged            |    44 |     2 ||    46
Block: Shield            |    82 |    11 ||    93

Table legend:
 A = Spawn XP
 B = Non-spawn XP
 C = Spawn XP percentage of total XP
 D = Spawn monster count
 E = Non-spawn monster count
 F = Spawn count percentage of total count
 G = Total turns spent on level
                    A         B        C        D         E        F      G
               +---------+---------+-------+---------+---------+-------+---------
         Total |       0 |      85 |   0.0 |       0 |      42 |   0.0 |  1327
               +---------+---------+-------+---------+---------+-------+---------
           D:1 |       0 |      37 |   0.0 |       0 |      20 |   0.0 |   701
           D:2 |       0 |      24 |   0.0 |       0 |      15 |   0.0 |   515
           D:3 |       0 |      24 |   0.0 |       0 |       7 |   0.0 |   111
               +---------+---------+-------+---------+---------+-------+---------
